 Dungeon Crawl Stone Soup version 0.28-a0-8-g6e044cfa68 (webtiles) character file.

Game seed: 14982262788534500590

7 Spectrina the Magician (level 2, 0/21 HPs)
             Began as a Djinni Necromancer on July 24, 2021.
             Slain by a ball python (1 damage)
             ... on level 1 of the Dungeon.
             The game lasted 00:02:25 (228 turns).

Spectrina the Magician (Djinni Necromancer)          Turns: 228, Time: 00:02:26

Health: 0/21       AC:  2    Str:  7    XL:     2   Next: 10%
Gold:   0          EV:  9    Int: 16    God:
                   SH:  0    Dex: 13

rFire   + + .      SeeInvis .   b - +0 falchion
rCold   x . .      Faith    .   (no shield)
rNeg    . . .      Spirit   .   a - +0 robe
rPois   ∞          Reflect  .   (no helmet)
rElec   .          Harm     .   (no cloak)
rCorr   .          Rampage  .   (no gloves)
Will    .....                   (boots unavailable)
Stlth   ++........              (no amulet)
HPRegen 0.07/turn               (no ring)
MPRegen 0.00/turn               (no ring)

@: flying, constricted
A: sickness immunity, fire resistance 2, cold vulnerability 1, float, innate
caster, hp casting, extra vitality 1
a: no special abilities


You were on level 1 of the Dungeon.
You visited 1 branch of the dungeon, and saw 2 of its levels.

Inventory:

Hand Weapons
 b - a +0 falchion (weapon)
Missiles
 d - 20 arrows
 e - 11 bolts
Armour
 a - a +0 robe (worn)
Scrolls
 c - 2 scrolls of amnesia {unknown}
 f - a scroll of brand weapon {unknown}
 g - a scroll of immolation {unknown}


   Skills:
 - Level 2.1 Dodging
 - Level 1.5 Stealth
 + Level 3.5 Spellcasting


You couldn't memorise any spells.
You knew the following spells:

 Your Spells              Type           Power      Damage    Failure   Level
a - Pain                  Necr           56%        1d6       4%          1
b - Animate Skeleton      Necr           28%        N/A       4%          1
c - Vampiric Draining     Necr           7%         2d7       12%         3
d - Animate Dead          Necr           7%         N/A       38%         4
e - Agony                 Necr           14%        N/A       75%         5
Your spell library was empty.

Dungeon Overview and Level Annotations

Branches:
Dungeon (2/15)

Altars:


Innate Abilities, Weirdness & Mutations

You are immune to sickness and miasma.
You are immune to poison.
Your flesh is very heat resistant. (rF++)
You are vulnerable to cold. (rC-)
You float through the air rather than walking.
You learn spells naturally, not from books.
Your magical power is your life essence.
You have superior vitality. (+4 HP)


Message History

You reach down and close the door.
There is a stone staircase leading up here.
You fly upwards.
There is a stone staircase leading down here.
Found a scroll labelled ZARINU RIRGH.
g - a scroll labelled ZARINU RIRGH You reach down and open the door.
There is an open door here.
A bat and a rat come into view.
The bat closely misses you.
You riposte.
You closely miss the bat.
Casting: Pain (safe; 4% risk of failure)
Confirm with . or Enter, or press ? or * to list all spells.
Aiming: Pain (safe; 4% risk of failure)
Press: ? - help, Shift-Dir - straight line, f - bat
Aim: a bat (chance to affect: 85%)
The bat writhes in agony.
You kill the bat!
* * * LOW HITPOINT WARNING * * *
Unknown command.
A ball python comes into view.
The ball python hisses angrily.
Casting: Pain (safe; 4% risk of failure)
Confirm with . or Enter, or press ? or * to list all spells.
Aiming: Pain (safe; 4% risk of failure)
Press: ? - help, Shift-Dir - straight line, f - ball python
Aim: a ball python (chance to affect: 85%)
The ball python writhes in agony.
* * * LOW HITPOINT WARNING * * *
An endoplasm comes into view.
The ball python barely misses you. The ball python closely misses you.
Unknown command.
Casting: Pain (safe; 4% risk of failure)
Confirm with . or Enter, or press ? or * to list all spells.
Okay, then.
You barely miss the ball python.
The ball python is severely wounded.
The ball python bites you.
* * * LOW HITPOINT WARNING * * *
The ball python grabs you.
You die...

##...## #.##.#### ##
#.....# #........ .###
###.### ###.......r
...####...####......#
.....#..≈..#.....#
8..≈....≈....≈..8#
#...≈..≈≈≈..≈...##
.....≈≈≈≈≈≈≈....[##
...≈≈≈≈...≈≈≈≈..@.#
.≈≈≈≈≈..<..≈≈≈≈≈.S#.
...≈≈≈≈...≈≈≈≈........J.#
.....≈≈≈≈≈≈≈.....##.#####
#...≈..≈≈≈..≈...## .#
..≈....≈....≈..8# #
....#..≈..#.....#
...####...####....#
.#######.## ###..#


You could see a ball python.

Vanquished Creatures
  An endoplasm (D:1)
  A ball python (D:1)
  A bat (D:1)
  2 frilled lizards (D:1)
  2 goblins (D:1)
  2 rats
9 creatures vanquished.

Notes
Turn   | Place    | Note
-------+----------+-------------------------------------------
     0 | D:1      | Spectrina the Djinni Necromancer began the quest for the
                  | Orb.
     0 | D:1      | Reached XP level 1. HP: 15/15 MP: 0/0
   124 | D:1      | Reached XP level 2. HP: 1/21 MP: 0/0
   228 | D:1      | HP: 1/21 [ball python (2)]
   228 | D:1      | Slain by a ball python

Illustrated notes

Levels and vault maps discovered:
D:1:      eino_arrival_water_star, layout_loops_corners, st_stairs_14,
          minmay_misc_feat_tower, minmay_close_crescents
D:2:      minmay_chambers_of_twos, layout_basic,
          shapermc_ecumenical_altar_rom_forum, basic_altar, minmay_door_square,
          hex_intersection, grunt_ministairs_9

Action                   || total
-------------------------++-------
Melee: Falchion          ||     4
 Cast: Pain              ||    13
 Stab: Sleeping          ||     1
Dodge: Dodged            ||     6
       Rpst.: Falchion   ||     1

Table legend: (Time is in decaauts)
 A = Elapsed time spent in this place.
 B = Non-inter-level travel time spent in this place.
 C = Inter-level travel time spent in this place.
 D = Time resting spent in this place.
 E = Time spent auto-exploring this place.
 F = Levels seen in this place.
 G = Mean time per level.
                   A        B        C        D        E       F      G
               +--------+--------+--------+--------+--------+-----+--------+
         Total |    228 |    228 |      0 |      0 |      0 |   2 |  114.0 |
       Dungeon |    228 |    228 |      0 |      0 |      0 |   2 |  114.0 |
               +--------+--------+--------+--------+--------+-----+--------+

Top non-repeatable levels by time:
     D:1: 213 daAuts
     D:2: 15 daAuts
